[ PARTIDA AOE2 · #494347799 ]
UnrankedIncas vs Dravidians
[ ANÁLISIS DE REPETICIÓN · EXTRAÍDO DE LA PARTIDA GRABADA ]
Feudal
9:56
Castillos
14:12
Imperial
28:37
| APM promedio | 42.3 |
| APM pico | 110 |
| eAPM promedio | 25.5 |
| Aldeanos / militares | 212 / 111 |
Foco
⚔️ 37.4% · 🌾 62.6%
Kamayuk ×77 · Battering Ram ×32 · Monk ×2
Feudal
11:55
Castillos
15:35
Imperial
31:18
| APM promedio | 43.0 |
| APM pico | 77 |
| eAPM promedio | 25.8 |
| Aldeanos / militares | 139 / 165 |
Foco
⚔️ 24.5% · 🌾 75.5%
Skirmisher ×100 · Elephant Archer ×38 · Archer ×13 · Bombard Cannon ×6 · Mangonel ×4 · Monk ×2
Feudal
11:03
Castillos
14:42
Imperial
31:49
| APM promedio | 37.7 |
| APM pico | 96 |
| eAPM promedio | 19.7 |
| Aldeanos / militares | 122 / 96 |
Foco
⚔️ 32.9% · 🌾 67.1%
Archer ×49 · Skirmisher ×22 · Genoese Crossbowman ×8 · Mangonel ×5 · Scorpion ×4 · Bombard Cannon ×4
Feudal
10:56
Castillos
15:22
Imperial
32:09
| APM promedio | 31.5 |
| APM pico | 64 |
| eAPM promedio | 19.4 |
| Aldeanos / militares | 187 / 130 |
Foco
⚔️ 21.6% · 🌾 78.4%
Woad Raider ×111 · Mangonel ×19
Feudal
10:31
Castillos
14:27
Imperial
33:32
| APM promedio | 41.8 |
| APM pico | 93 |
| eAPM promedio | 17.2 |
| Aldeanos / militares | 110 / 3 |
Foco
⚔️ 43.9% · 🌾 56.1%
Unknown (2579) ×93 · Battering Ram ×3
Feudal
10:33
Castillos
14:19
Imperial
—
| APM promedio | 33.3 |
| APM pico | 79 |
| eAPM promedio | 17.3 |
| Aldeanos / militares | 116 / 31 |
Foco
⚔️ 27.7% · 🌾 72.3%
Longbowman ×25 · Mangonel ×6
Mapa de la partida
Recursos iniciales + cada clic de construcción. Líneas = muros · curvas = relieve. ◆ oro · ⬟ piedra · ● bayas · ✦ reliquia · ◌ hueco del cierre
Tu base· ✓ Cerrada en 14:12 · 10t muro · 4 puerta(s)
Base de Humble Villager· ✓ Cerrada en 15:35 · 0t muro · 2 puerta(s)
Base de Ie cuack· ✓ Cerrada en 14:42 · 10t muro · 3 puerta(s)
Base de Sergeantmilan97· ✓ Cerrada en 15:22 · 0t muro · 3 puerta(s)
Base de ElPepe· ✓ Cerrada en 14:27 · 0t muro · 2 puerta(s)
Base de Zaphod· ✓ Cerrada en 14:19 · 0t muro · 2 puerta(s)
Terreno inicial suavizado · ◌ = hueco del cierre detectado · pasá el cursor para detalles
Inputs por minuto
— DS_Uruguayo - - Humble Villager
Build order — DS_Uruguayo
Primeras 150 de 387 acciones detectadas
| 0:01 | Crear | Villager (Male) |
| 0:01 | Crear | Villager (Male) |
| 0:02 | Construir | House |
| 0:03 | Construir | House |
| 0:19 | Crear | Villager (Male) |
| 0:25 | Crear | Villager (Male) |
| 0:25 | Crear | Villager (Male) |
| 1:24 | Crear | Villager (Male) |
| 1:24 | Crear | Villager (Male) |
| 1:44 | Crear | Villager (Male) |
| 1:54 | Construir | Settlement |
| 2:16 | Crear | Villager (Male) |
| 2:16 | Crear | Villager (Male) |
| 2:48 | Crear | Villager (Male) |
| 2:48 | Crear | Villager (Male) |
| 3:13 | Construir | Palisade Wall |
| 3:17 | Construir | Palisade Wall |
| 3:18 | Construir | Palisade Wall |
| 3:20 | Construir | Palisade Wall |
| 3:22 | Construir | Palisade Wall |
| 3:25 | Crear | Villager (Male) |
| 3:25 | Crear | Villager (Male) |
| 3:25 | Crear | Villager (Male) |
| 3:33 | Construir | Palisade Gate |
| 3:40 | Construir | Palisade Gate |
| 3:56 | Construir | Palisade Wall |
| 3:57 | Construir | Palisade Wall |
| 3:59 | Construir | Palisade Wall |
| 4:02 | Construir | Palisade Wall |
| 4:05 | Construir | Palisade Wall |
| 4:13 | Crear | Villager (Male) |
| 4:14 | Crear | Villager (Male) |
| 4:25 | Crear | Villager (Male) |
| 5:03 | Crear | Villager (Male) |
| 5:22 | Crear | Villager (Male) |
| 5:44 | Crear | Villager (Male) |
| 7:18 | Crear | Villager (Male) |
| 7:20 | Crear | Villager (Male) |
| 7:43 | Investigar | Feudal Age |
| 8:31 | Crear | Villager (Male) |
| 8:31 | Crear | Villager (Male) |
| 8:43 | Construir | Settlement |
| 9:56 | Edad | Edad Feudal |
| 9:57 | Construir | Market |
| 9:59 | Construir | Blacksmith |
| 11:32 | Investigar | Castle Age |
| 11:32 | Investigar | Castle Age |
| 12:34 | Investigar | Gold Mining |
| 12:34 | Investigar | Double-Bit Axe |
| 14:12 | Edad | Edad de los Castillos |
| 14:13 | Construir | Town Center |
| 14:19 | Crear | Villager (Male) |
| 14:20 | Crear | Villager (Male) |
| 14:49 | Construir | Town Center |
| 14:52 | Crear | Villager (Male) |
| 15:09 | Crear | Villager (Male) |
| 15:18 | Crear | Villager (Male) |
| 15:21 | Crear | Villager (Male) |
| 15:21 | Crear | Villager (Male) |
| 15:41 | Construir | Farm |
| 15:43 | Construir | Farm |
| 15:55 | Investigar | Horse Collar |
| 15:55 | Investigar | Horse Collar |
| 15:56 | Crear | Villager (Male) ×5 |
| 15:56 | Crear | Villager (Male) ×5 |
| 16:16 | Construir | Farm |
| 16:23 | Construir | Farm |
| 16:24 | Construir | Farm |
| 16:27 | Crear | Villager (Male) |
| 16:32 | Crear | Villager (Male) |
| 16:45 | Construir | Farm |
| 16:48 | Construir | Farm |
| 16:50 | Construir | Farm |
| 16:51 | Construir | Farm |
| 16:55 | Construir | Farm |
| 16:59 | Construir | Farm |
| 17:21 | Construir | Farm |
| 17:22 | Construir | Farm |
| 17:24 | Construir | Farm |
| 17:25 | Crear | Villager (Male) |
| 17:30 | Construir | Farm |
| 17:33 | Construir | Farm |
| 17:40 | Construir | Farm |
| 17:44 | Crear | Villager (Male) |
| 17:44 | Crear | Villager (Male) |
| 17:51 | Construir | Farm |
| 17:52 | Construir | Farm |
| 18:00 | Crear | Villager (Male) |
| 18:00 | Crear | Villager (Male) |
| 18:00 | Crear | Villager (Male) |
| 18:04 | Construir | Farm |
| 18:08 | Construir | Farm |
| 18:15 | Construir | Farm |
| 18:18 | Construir | Farm |
| 18:21 | Crear | Villager (Male) |
| 18:21 | Crear | Villager (Male) |
| 18:21 | Crear | Villager (Male) |
| 18:24 | Crear | Villager (Male) |
| 18:24 | Crear | Villager (Male) |
| 18:26 | Investigar | Loom |
| 18:30 | Construir | Farm |
| 18:36 | Construir | Farm |
| 18:38 | Crear | Villager (Male) |
| 18:38 | Crear | Villager (Male) |
| 18:50 | Construir | Farm |
| 18:54 | Construir | Farm |
| 18:58 | Construir | Farm |
| 19:01 | Crear | Villager (Male) ×3 |
| 19:01 | Crear | Villager (Male) ×3 |
| 19:02 | Crear | Villager (Male) ×3 |
| 19:06 | Construir | Farm |
| 19:10 | Construir | Farm |
| 19:15 | Construir | Farm |
| 19:26 | Crear | Villager (Male) ×4 |
| 19:27 | Crear | Villager (Male) ×4 |
| 19:29 | Construir | Farm |
| 19:30 | Construir | Farm |
| 19:47 | Construir | Farm |
| 19:55 | Investigar | Wheelbarrow |
| 19:57 | Crear | Villager (Male) |
| 19:57 | Crear | Villager (Male) |
| 20:06 | Construir | Farm |
| 20:12 | Crear | Villager (Male) |
| 20:20 | Crear | Villager (Male) ×2 |
| 20:20 | Crear | Villager (Male) ×2 |
| 20:20 | Crear | Villager (Male) |
| 20:29 | Investigar | Bow Saw |
| 20:29 | Investigar | Bow Saw |
| 20:30 | Investigar | Bow Saw |
| 20:45 | Construir | Farm |
| 20:46 | Crear | Villager (Male) ×3 |
| 20:49 | Construir | House |
| 20:54 | Construir | House |
| 20:54 | Construir | House |
| 20:54 | Construir | House |
| 20:58 | Crear | Villager (Male) ×3 |
| 21:16 | Construir | Farm |
| 21:22 | Construir | Farm |
| 21:36 | Crear | Villager (Male) ×5 |
| 22:04 | Construir | Town Center |
| 22:05 | Crear | Villager (Male) ×5 |
| 22:28 | Construir | House |
| 22:29 | Construir | House |
| 22:29 | Construir | House |
| 22:30 | Construir | House |
| 22:30 | Construir | House |
| 22:31 | Crear | Villager (Male) ×5 |
| 23:15 | Construir | Monastery |
| 23:33 | Construir | House |
| 23:39 | Crear | Villager (Male) |
Build order — Humble Villager
Primeras 150 de 385 acciones detectadas
| 0:02 | Construir | House |
| 0:03 | Construir | House |
| 0:09 | Crear | Villager (Male) |
| 0:09 | Crear | Villager (Male) |
| 0:13 | Crear | Villager (Male) |
| 0:13 | Crear | Villager (Male) |
| 1:17 | Crear | Villager (Male) |
| 1:17 | Crear | Villager (Male) |
| 1:46 | Crear | Villager (Male) |
| 1:54 | Construir | Lumber Camp |
| 2:14 | Crear | Villager (Male) |
| 2:45 | Crear | Villager (Male) |
| 3:09 | Construir | House |
| 3:18 | Crear | Villager (Male) |
| 3:19 | Crear | Villager (Male) |
| 3:36 | Construir | House |
| 3:46 | Crear | Villager (Male) |
| 3:46 | Crear | Villager (Male) |
| 4:01 | Construir | Mill |
| 4:04 | Crear | Villager (Male) |
| 4:16 | Crear | Villager (Male) |
| 4:16 | Crear | Villager (Male) |
| 4:46 | Crear | Villager (Male) |
| 4:46 | Crear | Villager (Male) |
| 4:56 | Crear | Villager (Male) |
| 5:18 | Construir | House |
| 5:24 | Crear | Villager (Male) |
| 5:24 | Crear | Villager (Male) |
| 5:32 | Construir | House |
| 6:06 | Construir | Mill |
| 6:25 | Crear | Villager (Male) |
| 6:42 | Crear | Villager (Male) |
| 6:43 | Crear | Villager (Male) |
| 6:55 | Crear | Villager (Male) |
| 8:17 | Construir | Farm |
| 8:19 | Crear | Villager (Male) |
| 8:23 | Crear | Villager (Male) |
| 8:33 | Construir | House |
| 8:59 | Construir | Barracks |
| 9:17 | Crear | Villager (Male) |
| 9:40 | Construir | Mining Camp |
| 9:44 | Investigar | Feudal Age |
| 9:44 | Investigar | Feudal Age |
| 11:15 | Construir | Farm |
| 11:17 | Construir | Farm |
| 11:22 | Crear | Villager (Male) |
| 11:39 | Crear | Villager (Male) |
| 11:55 | Edad | Edad Feudal |
| 12:02 | Construir | Archery Range |
| 12:08 | Construir | Blacksmith |
| 12:22 | Construir | Farm |
| 12:26 | Construir | Farm |
| 12:28 | Construir | Farm |
| 12:52 | Investigar | Double-Bit Axe |
| 12:55 | Investigar | Castle Age |
| 13:05 | Crear | Archer |
| 13:32 | Investigar | Horse Collar |
| 13:46 | Crear | Archer |
| 13:46 | Crear | Archer |
| 13:54 | Crear | Villager (Male) |
| 14:29 | Construir | House |
| 14:39 | Construir | Outpost |
| 14:44 | Crear | Archer |
| 14:48 | Crear | Villager (Male) |
| 14:51 | Construir | House |
| 14:52 | Construir | House |
| 15:00 | Construir | Outpost |
| 15:05 | Investigar | Town Watch |
| 15:35 | Edad | Edad de los Castillos |
| 15:42 | Construir | Town Center |
| 15:43 | Crear | Villager (Male) |
| 15:52 | Construir | Market |
| 15:55 | Investigar | Bow Saw |
| 16:05 | Crear | Villager (Male) |
| 16:09 | Construir | House |
| 16:18 | Crear | Villager (Male) |
| 16:24 | Construir | Town Center |
| 16:27 | Crear | Villager (Male) |
| 16:44 | Crear | Archer |
| 16:45 | Crear | Villager (Male) |
| 16:58 | Crear | Villager (Male) |
| 16:58 | Crear | Villager (Male) |
| 17:02 | Crear | Villager (Male) |
| 17:05 | Crear | Villager (Male) |
| 17:05 | Crear | Villager (Male) |
| 17:11 | Construir | Siege Workshop |
| 17:25 | Crear | Villager (Male) |
| 17:25 | Crear | Villager (Male) |
| 17:42 | Crear | Villager (Male) |
| 17:42 | Crear | Villager (Male) |
| 17:50 | Crear | Archer |
| 17:52 | Crear | Villager (Male) |
| 18:15 | Crear | Villager (Male) |
| 18:19 | Construir | Farm |
| 18:19 | Construir | Farm |
| 18:19 | Construir | Farm |
| 18:19 | Construir | Farm |
| 18:20 | Construir | Farm |
| 18:20 | Crear | Villager (Male) |
| 18:34 | Investigar | Loom |
| 18:34 | Investigar | Loom |
| 18:37 | Construir | Farm |
| 18:39 | Construir | Farm |
| 18:41 | Construir | Farm |
| 18:43 | Crear | Villager (Male) |
| 18:51 | Crear | Archer |
| 19:09 | Crear | Villager (Male) |
| 19:09 | Crear | Villager (Male) |
| 19:13 | Construir | Farm |
| 19:33 | Crear | Armored Elephant |
| 19:34 | Crear | Villager (Male) |
| 19:39 | Crear | Villager (Male) |
| 19:39 | Crear | Villager (Male) |
| 19:47 | Construir | Farm |
| 19:48 | Construir | Farm |
| 20:00 | Crear | Villager (Male) |
| 20:01 | Crear | Villager (Male) |
| 20:11 | Crear | Villager (Male) |
| 20:12 | Crear | Villager (Male) |
| 20:21 | Construir | Town Center |
| 20:32 | Crear | Armored Elephant |
| 20:35 | Crear | Villager (Male) |
| 20:35 | Crear | Villager (Male) |
| 20:51 | Crear | Villager (Male) |
| 20:55 | Construir | Farm |
| 20:55 | Construir | Farm |
| 20:56 | Construir | Farm |
| 20:56 | Construir | Farm |
| 20:59 | Crear | Villager (Male) |
| 21:13 | Crear | Villager (Male) |
| 21:13 | Crear | Villager (Male) |
| 21:20 | Crear | Villager (Male) |
| 21:21 | Crear | Villager (Male) |
| 21:31 | Investigar | Crossbowman (upgrade) |
| 21:33 | Construir | House |
| 21:34 | Construir | House |
| 21:36 | Construir | House |
| 21:49 | Investigar | Fletching |
| 22:07 | Construir | Farm |
| 22:07 | Construir | Farm |
| 22:07 | Construir | Farm |
| 22:08 | Construir | Farm |
| 22:08 | Construir | Farm |
| 22:08 | Construir | Farm |
| 22:15 | Construir | House |
| 22:16 | Crear | Villager (Male) |
| 22:17 | Crear | Villager (Male) |
| 22:17 | Crear | Villager (Male) |
| 22:24 | Crear | Villager (Male) |
| 22:40 | Crear | Villager (Male) |
Build order — Ie cuack
Primeras 150 de 369 acciones detectadas
| 0:00 | Crear | Villager (Male) ×4 |
| 0:03 | Construir | House |
| 0:04 | Construir | House |
| 1:29 | Crear | Villager (Male) |
| 1:55 | Construir | Lumber Camp |
| 2:11 | Crear | Villager (Male) |
| 2:11 | Crear | Villager (Male) |
| 2:21 | Construir | Palisade Wall |
| 2:21 | Construir | Palisade Wall |
| 2:22 | Construir | Palisade Wall |
| 2:24 | Construir | Palisade Wall |
| 2:25 | Construir | Palisade Wall |
| 2:26 | Construir | Palisade Wall |
| 2:28 | Construir | Palisade Wall |
| 2:34 | Crear | Villager (Male) |
| 3:25 | Crear | Villager (Male) |
| 3:26 | Crear | Villager (Male) |
| 4:00 | Crear | Villager (Male) |
| 4:16 | Construir | House |
| 4:25 | Construir | Palisade Gate |
| 4:32 | Construir | Palisade Wall |
| 4:36 | Crear | Villager (Male) |
| 4:37 | Crear | Villager (Male) |
| 4:37 | Crear | Villager (Male) |
| 4:47 | Construir | House |
| 5:19 | Construir | Mill |
| 5:30 | Crear | Villager (Male) |
| 5:39 | Crear | Villager (Male) |
| 6:02 | Crear | Villager (Male) |
| 6:03 | Crear | Villager (Male) |
| 6:11 | Crear | Villager (Male) |
| 6:18 | Crear | Villager (Male) |
| 6:28 | Crear | Villager (Male) |
| 6:41 | Crear | Villager (Male) |
| 6:49 | Crear | Villager (Male) |
| 7:22 | Construir | Mining Camp |
| 8:07 | Construir | Farm |
| 8:08 | Construir | Farm |
| 8:12 | Construir | Farm |
| 8:30 | Crear | Villager (Male) |
| 8:38 | Investigar | Feudal Age |
| 9:47 | Construir | House |
| 10:47 | Crear | Villager (Male) |
| 10:47 | Crear | Villager (Male) |
| 11:03 | Edad | Edad Feudal |
| 11:05 | Construir | Market |
| 11:25 | Construir | Blacksmith |
| 12:02 | Investigar | Castle Age |
| 12:12 | Construir | House |
| 13:52 | Investigar | Double-Bit Axe |
| 14:38 | Crear | Villager (Male) |
| 14:42 | Edad | Edad de los Castillos |
| 14:49 | Construir | Town Center |
| 14:56 | Crear | Villager (Male) |
| 15:01 | Crear | Villager (Male) |
| 15:07 | Investigar | Bow Saw |
| 15:19 | Construir | House |
| 15:20 | Crear | Villager (Male) |
| 15:23 | Construir | Farm |
| 15:30 | Construir | Barracks |
| 15:32 | Crear | Villager (Male) |
| 15:41 | Crear | Villager (Male) |
| 15:42 | Construir | Farm |
| 15:47 | Crear | Villager (Male) |
| 15:49 | Crear | Villager (Male) |
| 16:06 | Crear | Villager (Male) |
| 16:16 | Construir | Farm |
| 16:20 | Construir | Farm |
| 16:25 | Construir | Farm |
| 16:27 | Construir | Farm |
| 16:29 | Crear | Villager (Male) |
| 16:38 | Construir | Archery Range |
| 16:40 | Crear | Villager (Male) |
| 16:43 | Construir | Farm |
| 16:44 | Crear | Villager (Male) |
| 16:50 | Crear | Villager (Male) |
| 16:56 | Crear | Spearman |
| 17:03 | Construir | Farm |
| 17:05 | Crear | Villager (Male) |
| 17:07 | Crear | Villager (Male) |
| 17:08 | Construir | Farm |
| 17:12 | Investigar | Horse Collar |
| 17:22 | Construir | Farm |
| 17:36 | Crear | Villager (Male) |
| 17:47 | Construir | Farm |
| 17:49 | Construir | Farm |
| 17:52 | Construir | Farm |
| 17:54 | Construir | Farm |
| 17:55 | Crear | Villager (Male) |
| 17:57 | Construir | Farm |
| 18:04 | Crear | Villager (Male) |
| 18:19 | Crear | Villager (Male) |
| 18:33 | Crear | Villager (Male) |
| 18:38 | Construir | Town Center |
| 18:43 | Crear | Villager (Male) |
| 18:47 | Construir | Farm |
| 18:49 | Crear | Villager (Male) |
| 19:04 | Construir | Farm |
| 19:10 | Construir | Farm |
| 19:11 | Crear | Villager (Male) |
| 19:14 | Construir | House |
| 19:15 | Construir | House |
| 19:18 | Crear | Villager (Male) |
| 19:21 | Construir | House |
| 19:26 | Construir | House |
| 19:28 | Construir | House |
| 19:31 | Construir | House |
| 19:32 | Construir | House |
| 19:33 | Crear | Villager (Male) |
| 19:34 | Crear | Villager (Male) |
| 19:38 | Construir | Farm |
| 19:41 | Crear | Villager (Male) |
| 19:50 | Crear | Villager (Male) |
| 19:57 | Construir | Farm |
| 20:12 | Crear | Villager (Male) |
| 20:14 | Crear | Villager (Male) |
| 20:16 | Construir | Farm |
| 20:20 | Construir | Farm |
| 20:20 | Crear | Villager (Male) |
| 20:27 | Crear | Villager (Male) |
| 20:35 | Crear | Villager (Male) |
| 20:43 | Construir | Lumber Camp |
| 20:46 | Construir | Farm |
| 20:48 | Construir | Farm |
| 20:50 | Crear | Villager (Male) |
| 20:50 | Crear | Villager (Male) |
| 20:54 | Construir | Farm |
| 20:54 | Crear | Villager (Male) |
| 21:02 | Construir | House |
| 21:03 | Construir | House |
| 21:05 | Construir | House |
| 21:06 | Construir | House |
| 21:07 | Crear | Villager (Male) |
| 21:10 | Crear | Villager (Male) |
| 21:20 | Construir | Farm |
| 21:23 | Construir | Farm |
| 21:25 | Construir | Farm |
| 21:32 | Investigar | Wheelbarrow |
| 21:32 | Investigar | Wheelbarrow |
| 21:40 | Construir | Mining Camp |
| 21:44 | Crear | Villager (Male) |
| 21:47 | Crear | Villager (Male) |
| 22:08 | Crear | Villager (Male) |
| 22:11 | Construir | Siege Workshop |
| 22:33 | Investigar | Crossbowman (upgrade) |
| 22:37 | Construir | Archery Range |
| 22:38 | Crear | Villager (Male) |
| 22:39 | Crear | Mangonel |
| 22:40 | Crear | Mangonel |
| 22:45 | Crear | Villager (Male) |
Build order — Sergeantmilan97
Primeras 150 de 359 acciones detectadas
| 0:01 | Crear | Villager (Male) |
| 0:01 | Crear | Villager (Male) |
| 0:02 | Crear | Villager (Male) |
| 0:02 | Crear | Villager (Male) |
| 0:02 | Crear | Villager (Male) |
| 0:04 | Construir | House |
| 0:05 | Construir | House |
| 0:51 | Construir | Lumber Camp |
| 1:25 | Crear | Villager (Male) |
| 1:25 | Crear | Villager (Male) |
| 1:47 | Crear | Villager (Male) |
| 1:47 | Crear | Villager (Male) |
| 2:30 | Crear | Villager (Male) |
| 2:30 | Crear | Villager (Male) |
| 2:48 | Crear | Villager (Male) |
| 2:48 | Crear | Villager (Male) |
| 2:48 | Crear | Villager (Male) |
| 3:15 | Crear | Villager (Male) |
| 3:15 | Crear | Villager (Male) |
| 3:16 | Crear | Villager (Male) |
| 3:28 | Crear | Villager (Male) |
| 3:28 | Crear | Villager (Male) |
| 3:46 | Crear | Villager (Male) |
| 3:46 | Crear | Villager (Male) |
| 4:05 | Crear | Villager (Male) |
| 4:05 | Crear | Villager (Male) |
| 4:05 | Crear | Villager (Male) |
| 4:26 | Crear | Villager (Male) |
| 4:30 | Construir | House |
| 4:34 | Investigar | Loom |
| 4:38 | Crear | Villager (Male) |
| 4:38 | Crear | Villager (Male) |
| 4:38 | Crear | Villager (Male) |
| 4:38 | Crear | Villager (Male) |
| 4:40 | Crear | Villager (Male) |
| 4:40 | Crear | Villager (Male) |
| 4:55 | Crear | Villager (Male) |
| 4:55 | Crear | Villager (Male) |
| 4:55 | Crear | Villager (Male) |
| 5:09 | Construir | Mill |
| 5:18 | Crear | Villager (Male) |
| 5:18 | Crear | Villager (Male) |
| 5:19 | Crear | Villager (Male) |
| 5:35 | Crear | Villager (Male) |
| 5:35 | Crear | Villager (Male) |
| 5:36 | Crear | Villager (Male) |
| 5:42 | Crear | Villager (Male) |
| 5:43 | Crear | Villager (Male) |
| 5:48 | Crear | Villager (Male) |
| 5:49 | Crear | Villager (Male) |
| 6:23 | Construir | House |
| 6:54 | Crear | Villager (Male) |
| 8:21 | Investigar | Feudal Age |
| 8:35 | Construir | Mining Camp |
| 8:40 | Crear | Villager (Male) |
| 8:52 | Crear | Villager (Male) |
| 9:31 | Construir | Mill |
| 9:41 | Crear | Villager (Male) |
| 9:46 | Construir | Farm |
| 9:47 | Construir | Farm |
| 10:02 | Construir | House |
| 10:26 | Crear | Villager (Male) |
| 10:34 | Crear | Villager (Male) |
| 10:35 | Crear | Villager (Male) |
| 10:37 | Construir | House |
| 10:56 | Edad | Edad Feudal |
| 11:02 | Crear | Villager (Male) |
| 11:06 | Construir | House |
| 11:14 | Crear | Villager (Male) |
| 11:15 | Crear | Villager (Male) |
| 11:24 | Construir | Market |
| 11:26 | Crear | Villager (Male) |
| 11:27 | Crear | Villager (Male) |
| 11:29 | Construir | Farm |
| 11:41 | Construir | Blacksmith |
| 11:42 | Crear | Villager (Male) |
| 11:43 | Crear | Villager (Male) |
| 12:16 | Crear | Villager (Male) |
| 12:19 | Construir | Farm |
| 12:43 | Investigar | Castle Age |
| 12:49 | Construir | Farm |
| 13:13 | Investigar | Double-Bit Axe |
| 13:19 | Investigar | Horse Collar |
| 13:47 | Crear | Villager (Male) |
| 13:48 | Crear | Villager (Male) |
| 14:07 | Crear | Villager (Male) |
| 14:11 | Construir | Farm |
| 14:13 | Construir | Farm |
| 14:14 | Construir | Farm |
| 14:18 | Construir | Farm |
| 14:25 | Crear | Villager (Male) |
| 15:22 | Edad | Edad de los Castillos |
| 15:28 | Construir | Town Center |
| 15:41 | Crear | Villager (Male) |
| 15:48 | Investigar | Bow Saw |
| 16:20 | Crear | Villager (Male) |
| 16:36 | Crear | Villager (Male) |
| 16:36 | Crear | Villager (Male) |
| 16:42 | Crear | Villager (Male) |
| 16:43 | Crear | Villager (Male) |
| 16:46 | Construir | Farm |
| 16:51 | Construir | Farm |
| 16:51 | Construir | Farm |
| 16:55 | Crear | Villager (Male) |
| 16:55 | Crear | Villager (Male) |
| 16:56 | Crear | Villager (Male) |
| 17:04 | Crear | Villager (Male) |
| 17:22 | Construir | Farm |
| 17:32 | Crear | Villager (Male) |
| 17:39 | Crear | Villager (Male) |
| 17:54 | Construir | Town Center |
| 17:58 | Crear | Villager (Male) |
| 18:08 | Construir | Farm |
| 18:09 | Construir | Farm |
| 18:12 | Crear | Villager (Male) |
| 18:16 | Crear | Villager (Male) |
| 18:30 | Crear | Villager (Male) |
| 18:38 | Investigar | Wheelbarrow |
| 18:45 | Crear | Villager (Male) |
| 18:51 | Crear | Villager (Male) |
| 19:00 | Construir | House |
| 19:02 | Crear | Villager (Male) |
| 19:19 | Crear | Villager (Male) |
| 19:37 | Investigar | Heavy Plow |
| 19:41 | Construir | House |
| 19:44 | Construir | Farm |
| 19:45 | Construir | Farm |
| 19:54 | Crear | Villager (Male) |
| 19:54 | Crear | Villager (Male) |
| 19:57 | Crear | Villager (Male) |
| 19:57 | Crear | Villager (Male) |
| 19:58 | Crear | Villager (Male) |
| 20:10 | Crear | Villager (Male) |
| 20:19 | Construir | Farm |
| 20:24 | Crear | Villager (Male) |
| 20:33 | Crear | Villager (Male) |
| 20:34 | Crear | Villager (Male) |
| 20:35 | Crear | Villager (Male) |
| 20:48 | Crear | Villager (Male) |
| 20:48 | Crear | Villager (Male) |
| 20:49 | Crear | Villager (Male) |
| 20:50 | Crear | Villager (Male) |
| 20:58 | Crear | Villager (Male) |
| 21:09 | Crear | Villager (Male) |
| 21:14 | Construir | Farm |
| 21:15 | Construir | Farm |
| 21:16 | Crear | Villager (Male) |
| 21:19 | Construir | Farm |
| 21:25 | Crear | Villager (Male) |
| 21:26 | Crear | Villager (Male) |
Build order — ElPepe
Primeras 150 de 291 acciones detectadas
| 0:00 | Crear | Villager (Male) |
| 0:01 | Crear | Villager (Male) |
| 0:01 | Crear | Villager (Male) |
| 0:02 | Construir | House |
| 0:03 | Construir | House |
| 0:07 | Crear | Villager (Male) |
| 0:07 | Crear | Villager (Male) |
| 1:05 | Crear | Villager (Male) |
| 1:47 | Crear | Villager (Male) |
| 1:47 | Crear | Villager (Male) |
| 1:47 | Crear | Villager (Male) |
| 2:00 | Crear | Villager (Male) |
| 2:00 | Crear | Villager (Male) |
| 2:22 | Crear | Villager (Male) |
| 2:35 | Construir | Settlement |
| 2:39 | Crear | Villager (Male) |
| 3:07 | Crear | Villager (Male) |
| 3:07 | Crear | Villager (Male) |
| 3:22 | Crear | Villager (Male) |
| 3:28 | Crear | Villager (Male) |
| 3:43 | Crear | Villager (Male) |
| 4:02 | Crear | Villager (Male) |
| 4:26 | Crear | Villager (Male) |
| 4:27 | Crear | Villager (Male) |
| 4:42 | Crear | Villager (Male) |
| 4:42 | Crear | Villager (Male) |
| 5:08 | Crear | Villager (Male) |
| 5:19 | Construir | Settlement |
| 5:24 | Crear | Villager (Male) |
| 5:32 | Crear | Villager (Male) |
| 5:54 | Crear | Villager (Male) |
| 6:31 | Crear | Villager (Male) |
| 7:57 | Investigar | Feudal Age |
| 8:21 | Construir | House |
| 10:04 | Crear | Villager (Male) |
| 10:04 | Investigar | Loom |
| 10:26 | Crear | Villager (Male) |
| 10:31 | Edad | Edad Feudal |
| 10:35 | Construir | Market |
| 10:37 | Construir | Blacksmith |
| 10:46 | Investigar | Loom |
| 11:47 | Investigar | Castle Age |
| 12:22 | Construir | Settlement |
| 13:08 | Investigar | Double-Bit Axe |
| 13:45 | Crear | Villager (Male) |
| 13:57 | Construir | Farm |
| 14:01 | Construir | Farm |
| 14:04 | Construir | Farm |
| 14:08 | Construir | Farm |
| 14:19 | Investigar | Horse Collar |
| 14:27 | Edad | Edad de los Castillos |
| 15:00 | Crear | Villager (Male) |
| 15:03 | Construir | Farm |
| 15:03 | Crear | Villager (Male) |
| 15:19 | Crear | Villager (Male) |
| 15:42 | Construir | Castle |
| 15:56 | Construir | Castle |
| 15:58 | Crear | Villager (Male) |
| 16:10 | Construir | Town Center |
| 16:15 | Crear | Villager (Male) |
| 16:17 | Crear | Villager (Male) |
| 16:24 | Crear | Villager (Male) |
| 16:53 | Crear | Villager (Male) |
| 17:09 | Investigar | Bow Saw |
| 17:15 | Crear | Villager (Male) |
| 17:16 | Crear | Unit 2579 |
| 17:27 | Crear | Villager (Male) |
| 17:37 | Crear | Unit 2579 |
| 17:42 | Crear | Villager (Male) |
| 17:48 | Construir | Town Center |
| 18:00 | Construir | Farm |
| 18:01 | Crear | Unit 2579 |
| 18:10 | Crear | Unit 2579 |
| 18:13 | Crear | Villager (Male) |
| 18:15 | Crear | Villager (Male) |
| 19:02 | Crear | Unit 2579 |
| 19:03 | Crear | Villager (Male) |
| 19:08 | Construir | Farm |
| 19:09 | Construir | Farm |
| 19:10 | Crear | Unit 2579 |
| 19:23 | Investigar | Fletching |
| 19:24 | Crear | Villager (Male) |
| 19:29 | Crear | Villager (Male) |
| 19:34 | Construir | Farm |
| 19:39 | Crear | Unit 2579 |
| 19:39 | Crear | Unit 2579 |
| 19:45 | Crear | Villager (Male) |
| 19:56 | Crear | Villager (Male) |
| 19:56 | Crear | Villager (Male) |
| 19:58 | Construir | Farm |
| 19:59 | Crear | Unit 2579 |
| 20:02 | Crear | Unit 2579 |
| 20:06 | Crear | Villager (Male) |
| 20:18 | Crear | Villager (Male) |
| 21:01 | Crear | Unit 2579 |
| 21:10 | Investigar | Bodkin Arrow |
| 21:12 | Crear | Unit 2579 |
| 21:12 | Crear | Unit 2579 |
| 21:36 | Crear | Unit 2579 |
| 21:37 | Crear | Unit 2579 |
| 21:38 | Crear | Villager (Male) |
| 21:38 | Crear | Villager (Male) |
| 21:42 | Crear | Unit 2579 |
| 21:43 | Crear | Unit 2579 |
| 21:55 | Crear | Villager (Male) |
| 21:55 | Crear | Villager (Male) |
| 21:56 | Crear | Unit 2579 |
| 21:56 | Crear | Unit 2579 |
| 22:04 | Construir | Farm |
| 22:05 | Construir | Farm |
| 22:05 | Construir | Farm |
| 22:09 | Construir | Siege Workshop |
| 22:14 | Crear | Villager (Male) |
| 22:15 | Crear | Unit 2579 |
| 22:22 | Crear | Unit 2579 |
| 22:32 | Construir | Farm |
| 22:33 | Construir | Farm |
| 22:50 | Investigar | Padded Archer Armor |
| 23:21 | Crear | Unit 2579 |
| 23:21 | Crear | Unit 2579 |
| 23:26 | Crear | Battering Ram |
| 23:28 | Construir | Farm |
| 23:29 | Construir | Farm |
| 23:30 | Crear | Villager (Male) |
| 23:30 | Crear | Villager (Male) |
| 23:32 | Construir | Farm |
| 23:32 | Crear | Villager (Male) |
| 23:32 | Crear | Villager (Male) |
| 23:56 | Crear | Unit 2579 |
| 23:56 | Crear | Unit 2579 |
| 23:56 | Crear | Unit 2579 |
| 24:34 | Crear | Villager (Male) |
| 24:34 | Crear | Villager (Male) |
| 24:34 | Crear | Villager (Male) |
| 24:47 | Crear | Unit 2579 |
| 24:47 | Crear | Unit 2579 |
| 24:50 | Crear | Battering Ram |
| 24:51 | Crear | Villager (Male) |
| 24:51 | Crear | Villager (Male) |
| 24:52 | Crear | Villager (Male) |
| 24:56 | Crear | Villager (Male) |
| 25:03 | Construir | University |
| 25:07 | Crear | Villager (Male) |
| 25:08 | Crear | Villager (Male) |
| 25:10 | Construir | Farm |
| 25:16 | Construir | Farm |
| 25:16 | Crear | Unit 2579 |
| 25:17 | Crear | Unit 2579 |
| 25:32 | Crear | Battering Ram |
| 25:32 | Crear | Villager (Male) |
Build order — Zaphod
Primeras 150 de 234 acciones detectadas
| 0:01 | Crear | Villager (Male) |
| 0:01 | Crear | Villager (Male) |
| 0:01 | Crear | Villager (Male) |
| 0:02 | Construir | House |
| 0:03 | Construir | House |
| 0:22 | Crear | Villager (Male) |
| 1:23 | Crear | Villager (Male) |
| 1:41 | Crear | Villager (Male) |
| 1:47 | Construir | Lumber Camp |
| 2:11 | Crear | Villager (Male) |
| 2:11 | Crear | Villager (Male) |
| 2:14 | Construir | House |
| 2:29 | Crear | Villager (Male) |
| 2:29 | Crear | Villager (Male) |
| 2:29 | Crear | Villager (Male) |
| 3:07 | Crear | Villager (Male) |
| 3:37 | Crear | Villager (Male) |
| 3:46 | Crear | Villager (Male) |
| 4:23 | Construir | Mill |
| 4:59 | Crear | Villager (Male) |
| 4:59 | Crear | Villager (Male) |
| 5:16 | Construir | Mill |
| 5:17 | Crear | Villager (Male) |
| 5:57 | Construir | House |
| 5:58 | Crear | Villager (Male) |
| 6:42 | Construir | Farm |
| 6:43 | Crear | Villager (Male) |
| 6:44 | Crear | Villager (Male) |
| 7:06 | Construir | Farm |
| 7:23 | Crear | Villager (Male) |
| 7:52 | Crear | Villager (Male) |
| 8:16 | Investigar | Feudal Age |
| 8:26 | Construir | Mining Camp |
| 8:42 | Crear | Villager (Male) |
| 9:15 | Crear | Villager (Male) |
| 10:33 | Edad | Edad Feudal |
| 10:45 | Construir | Market |
| 10:55 | Construir | Blacksmith |
| 11:39 | Investigar | Castle Age |
| 11:48 | Crear | Villager (Male) |
| 11:53 | Investigar | Double-Bit Axe |
| 11:56 | Construir | House |
| 12:18 | Crear | Villager (Male) |
| 12:27 | Construir | House |
| 12:51 | Crear | Villager (Male) |
| 13:05 | Crear | Villager (Male) |
| 13:24 | Crear | Villager (Male) |
| 13:50 | Construir | Farm |
| 14:19 | Edad | Edad de los Castillos |
| 14:21 | Construir | Town Center |
| 14:22 | Investigar | Bow Saw |
| 14:26 | Crear | Villager (Male) |
| 14:28 | Investigar | Horse Collar |
| 14:49 | Construir | Farm |
| 14:53 | Construir | Farm |
| 14:58 | Construir | Farm |
| 15:09 | Crear | Villager (Male) |
| 15:19 | Crear | Villager (Male) |
| 15:30 | Construir | Farm |
| 15:31 | Crear | Villager (Male) |
| 15:32 | Crear | Villager (Male) |
| 15:41 | Construir | Farm |
| 15:42 | Crear | Villager (Male) |
| 15:53 | Construir | Castle |
| 16:14 | Construir | Farm |
| 16:21 | Crear | Villager (Male) |
| 16:24 | Construir | Farm |
| 16:27 | Crear | Villager (Male) |
| 16:42 | Crear | Villager (Male) |
| 16:46 | Construir | Farm |
| 16:48 | Crear | Villager (Male) |
| 16:50 | Construir | Farm |
| 16:53 | Crear | Villager (Male) |
| 16:55 | Crear | Villager (Male) |
| 17:05 | Construir | Farm |
| 17:06 | Crear | Villager (Male) |
| 17:19 | Crear | Longbowman |
| 17:26 | Construir | Stone Wall |
| 17:30 | Crear | Longbowman |
| 17:48 | Construir | Gate |
| 17:50 | Construir | House |
| 17:52 | Crear | Longbowman |
| 17:56 | Investigar | Fletching |
| 17:56 | Crear | Villager (Male) |
| 17:57 | Crear | Villager (Male) |
| 18:01 | Construir | Stone Wall |
| 18:07 | Crear | Villager (Male) |
| 18:12 | Crear | Villager (Male) |
| 18:15 | Crear | Villager (Male) |
| 18:24 | Construir | Farm |
| 18:26 | Crear | Longbowman |
| 18:35 | Construir | Farm |
| 18:46 | Crear | Longbowman |
| 18:50 | Crear | Longbowman |
| 18:54 | Crear | Villager (Male) |
| 19:03 | Crear | Villager (Male) |
| 19:05 | Crear | Villager (Male) |
| 19:12 | Construir | Mining Camp |
| 19:15 | Crear | Longbowman |
| 19:24 | Construir | Farm |
| 19:27 | Construir | Farm |
| 19:30 | Crear | Villager (Male) |
| 19:34 | Crear | Longbowman |
| 19:35 | Crear | Villager (Male) |
| 19:36 | Crear | Villager (Male) |
| 19:39 | Construir | Farm |
| 19:43 | Construir | Farm |
| 19:44 | Crear | Villager (Male) |
| 19:52 | Construir | Farm |
| 19:59 | Crear | Villager (Male) |
| 20:05 | Crear | Villager (Male) |
| 20:15 | Investigar | Loom |
| 20:15 | Crear | Villager (Male) |
| 20:16 | Crear | Villager (Male) |
| 20:24 | Crear | Villager (Male) |
| 20:26 | Crear | Villager (Male) |
| 20:36 | Crear | Villager (Male) |
| 20:49 | Crear | Longbowman |
| 20:56 | Investigar | Bodkin Arrow |
| 20:57 | Crear | Longbowman |
| 21:02 | Construir | Gate |
| 21:03 | Crear | Villager (Male) |
| 21:07 | Crear | Villager (Male) |
| 21:16 | Crear | Villager (Male) |
| 21:19 | Crear | Longbowman |
| 21:22 | Crear | Villager (Male) |
| 21:30 | Construir | House |
| 21:39 | Construir | House |
| 21:41 | Crear | Villager (Male) |
| 21:44 | Construir | Lumber Camp |
| 21:45 | Crear | Villager (Male) |
| 21:52 | Construir | University |
| 21:53 | Crear | Villager (Male) |
| 21:59 | Investigar | Padded Archer Armor |
| 22:01 | Construir | Farm |
| 22:02 | Crear | Villager (Male) |
| 22:06 | Crear | Villager (Male) |
| 22:19 | Crear | Villager (Male) |
| 22:27 | Construir | Farm |
| 22:27 | Construir | Farm |
| 22:27 | Construir | Farm |
| 22:28 | Construir | Farm |
| 22:28 | Construir | Farm |
| 22:33 | Crear | Villager (Male) |
| 22:34 | Crear | Villager (Male) |
| 22:36 | Construir | Farm |
| 22:44 | Construir | House |
| 23:07 | Investigar | Ballistics |
| 23:09 | Investigar | Leather Archer Armor |
| 23:10 | Crear | Villager (Male) |
Cronología de la partida
| 2:21 | Ie cuack · wall_segment Palisade Wall x1 |
| 2:21 | Ie cuack · wall_segment Palisade Wall x1 |
| 2:22 | Ie cuack · wall_segment Palisade Wall x1 |
| 2:24 | Ie cuack · wall_segment Palisade Wall x1 |
| 2:25 | Ie cuack · wall_segment Palisade Wall x1 |
| 2:26 | Ie cuack · wall_segment Palisade Wall x1 |
| 2:28 | Ie cuack · wall_segment Palisade Wall x1 |
| 3:13 | DS_Uruguayo · wall_segment Palisade Wall x1 |
| 3:17 | DS_Uruguayo · wall_segment Palisade Wall x1 |
| 3:18 | DS_Uruguayo · wall_segment Palisade Wall x1 |
| 3:20 | DS_Uruguayo · wall_segment Palisade Wall x1 |
| 3:22 | DS_Uruguayo · wall_segment Palisade Wall x1 |
| 3:56 | DS_Uruguayo · wall_segment Palisade Wall x1 |
| 3:57 | DS_Uruguayo · wall_segment Palisade Wall x1 |
| 3:59 | DS_Uruguayo · wall_segment Palisade Wall x1 |
| 4:02 | DS_Uruguayo · wall_segment Palisade Wall x1 |
| 4:05 | DS_Uruguayo · wall_segment Palisade Wall x1 |
| 4:32 | Ie cuack · wall_segment Palisade Wall x3 |
| 8:59 | Humble Villager · first_building Barracks |
| 9:56 | DS_Uruguayo · age_up feudal |
| 10:31 | ElPepe · age_up feudal |
| 10:33 | Zaphod · age_up feudal |
| 10:48 | DS_Uruguayo · first_market_buy 100 food |
| 10:49 | DS_Uruguayo · first_market_sell 100 wood |
| 10:56 | Sergeantmilan97 · age_up feudal |
| 11:03 | Ie cuack · age_up feudal |
| 11:29 | ElPepe · first_market_sell 100 stone |
| 11:36 | Zaphod · first_market_sell 100 stone |
| 11:45 | ElPepe · first_market_buy 100 food |
| 11:55 | Humble Villager · age_up feudal |
| 12:02 | Humble Villager · first_building Archery Range |
| 14:12 | DS_Uruguayo · age_up castle |
| 14:19 | Zaphod · age_up castle |
| 14:27 | ElPepe · age_up castle |
| 14:42 | Ie cuack · age_up castle |
| 15:22 | Sergeantmilan97 · age_up castle |
| 15:30 | Ie cuack · first_building Barracks |
| 15:35 | Humble Villager · age_up castle |
| 15:42 | ElPepe · first_building Castle |
| 15:53 | Zaphod · first_building Castle |
| 16:38 | Ie cuack · first_building Archery Range |
| 17:11 | Humble Villager · first_building Siege Workshop |
| 17:26 | Zaphod · wall_segment Stone Wall x6 |
| 17:46 | Zaphod · first_market_buy 100 stone |
| 18:01 | Zaphod · wall_segment Stone Wall x1 |
| 19:29 | Humble Villager · first_market_buy 100 food |
| 19:32 | Humble Villager · first_market_sell 100 stone |
| 20:33 | Sergeantmilan97 · first_market_buy 100 food |
| 22:09 | ElPepe · first_building Siege Workshop |
| 22:11 | Ie cuack · first_building Siege Workshop |
| 22:54 | Humble Villager · first_building Monastery |
| 22:58 | Ie cuack · first_market_buy 100 food |
| 23:15 | DS_Uruguayo · first_building Monastery |
| 23:31 | Ie cuack · first_market_sell 100 wood |
| 24:02 | Sergeantmilan97 · first_building Castle |
| 24:17 | Sergeantmilan97 · tribute_sent a jugador 1 |
| 24:17 | Sergeantmilan97 · tribute_sent a jugador 2 |
| 24:17 | Sergeantmilan97 · tribute_sent a jugador 3 |
| 24:17 | Sergeantmilan97 · tribute_sent a jugador 5 |
| 24:17 | Sergeantmilan97 · tribute_sent a jugador 6 |
| 24:56 | DS_Uruguayo · first_building Siege Workshop |
| 26:20 | Sergeantmilan97 · first_building Barracks |
| 27:00 | DS_Uruguayo · first_building Castle |
| 27:00 | Zaphod · first_building Siege Workshop |
| 28:37 | DS_Uruguayo · age_up imperial |
| 30:15 | Ie cuack · first_building Castle |
| 30:33 | DS_Uruguayo · first_building Barracks |
| 31:18 | Humble Villager · age_up imperial |
| 31:49 | Ie cuack · age_up imperial |
| 32:09 | Sergeantmilan97 · age_up imperial |
| 32:15 | Zaphod · resign |
| 32:47 | ElPepe · first_building Barracks |
| 33:32 | ElPepe · age_up imperial |
| 34:29 | Sergeantmilan97 · first_building Siege Workshop |
[ ANÁLISIS IA · 1 CRÉDITO ]
¿Qué pasó realmente en esta partida?
Wolo.gg analiza cada decisión: build order, eco, micro, errores típicos por bracket. Análisis personalizado por WhatsApp o Discord en 30 segundos.
Guía civ
Incas
Perfil
DS_Santi